 Dungeon Crawl Stone Soup version 0.28-a0-43-g560ac104fe (webtiles) character file.

Game seed: 4653766330481172719

24432 wakim the Covert (level 13, -11/78 HPs)
             Began as a Kobold Enchanter on July 28, 2021.
             Was a Follower of Wu Jian.
             Mangled by a frost giant (22 damage)
             ... in an ice cave.
             The game lasted 00:44:02 (17159 turns).

wakim the Covert (Kobold Enchanter)                Turns: 17159, Time: 00:44:03

Health: -11/78     AC: 18    Str:  6    XL:     13   Next: 42%
Magic:  0/19       EV: 22    Int: 17    God:    Wu Jian [*.....]
Gold:   656        SH: 12    Dex: 19    Spells: 9/20 levels left

rFire   x . .      SeeInvis .   a - +7 dagger of Facwatu {flame, rElec rPois Stlth+}
rCold   + + .      Faith    .   c - +0 buckler {AC+3}
rNeg    . . .      Spirit   .   g - +0 troll leather armour
rPois   +          Reflect  +   h - +1 hat {Will+}
rElec   +          Harm     .   y - +2 cloak {rC+}
rCorr   .          Rampage  .   e - +1 pair of gloves
Will    +....                   b - +0 pair of boots
Stlth   +++++++...              d - amulet of reflection
HPRegen 1.23/turn               l - ring of ice
MPRegen 0.16/turn               w - +4 ring of protection

@: confusing by touch
A: small, no large weapons, nightstalker 3
a: Renounce Religion


You were in an ice cave.
You worshipped Wu Jian.
Wu Jian was aware of your devotion.
You visited 3 branches of the dungeon, and saw 14 of its levels.
You also visited: Ice Cave.

You collected 656 gold pieces.

Inventory:

Hand Weapons
 a - the +7 dagger of Facwatu (weapon) {flame, rElec rPois Stlth+}
   (You found it on level 4 of the Dungeon)

   It burns those it strikes, dealing additional fire damage.
   rElec:     It insulates you from electricity.
   rPois:     It protects you from poison.
   Stlth:     It makes you more stealthy.
 o - a +3 dagger
Missiles
 f - 5 boomerangs of dispersal {=f!f}
 p - 11 boomerangs
 q - 5 curare-tipped darts {=f}
Armour
 b - a +0 pair of boots (worn)
 c - a +0 buckler of protection (worn)
 e - a +1 pair of gloves (worn)
 g - a +0 troll leather armour (worn)
 h - a +1 hat of willpower (worn)
 y - a +2 cloak of cold resistance (worn)
Jewellery
 d - an amulet of reflection (around neck)
 i - a ring of magical power
 j - a +6 ring of dexterity
 l - a ring of ice (left hand)
 s - a ring of fire
 w - a +4 ring of protection (right hand)
Wands
 t - a wand of digging (3)
 u - a wand of mindburst (31)
 v - a wand of flame (13)
 x - a wand of iceblast (10)
Scrolls
 k - a scroll of enchant weapon
 m - a scroll of enchant armour
 r - 2 scrolls of identify
 T - 6 scrolls of teleportation
Potions
 B - a potion of attraction {!q}
 C - 3 potions of berserk rage {!q}
 D - 2 potions of brilliance
 E - a potion of cancellation
 F - 4 potions of curing
 H - 3 potions of haste
 J - 2 potions of heal wounds
 L - a potion of lignification {!q}
 M - 2 potions of mutation {!q}
 N - 3 potions of might


   Skills:
 - Level 8.0 Fighting
 - Level 10.0 Short Blades
 + Level 12.2 Dodging
 * Level 12.8 Stealth
 - Level 5.6 Shields
 - Level 4.0 Spellcasting
 - Level 4.0 Conjurations
 - Level 10.0 Hexes
 - Level 4.0 Ice Magic
 + Level 2.6 Evocations


You had 9 spell levels left.
You knew the following spells:

 Your Spells              Type           Power      Damage    Failure   Level
a - Confusing Touch       Hex            37%        N/A       1%          3
b - Dazzling Flash        Conj/Hex       54%        N/A       4%          3
d - Tukima's Dance        Hex            37%        N/A       1%          3
x - Ensorcelled Hibernat  Hex/Ice        80%        N/A       1%          2

Your spell library contained the following spells:

 Spells                   Type           Power      Damage    Failure   Level
 Corona                   Hex            41%        N/A       1%          1
 Frozen Ramparts          Ice            50%        1d7       14%         3
 Leda's Liquefaction      Hex/Erth       10%        N/A       30%         4
 Gell's Gravitas          Tloc           1%         N/A       58%         3
 Lesser Beckoning         Tloc           1%         N/A       58%         3
 Teleport Other           Tloc           3%         N/A       58%         3
 Ice Form                 Ice/Tmut       15%        N/A       71%         4
 Summon Ice Beast         Ice/Summ       15%        N/A       71%         4
 Animate Dead             Necr           1%         N/A       94%         4
 Bolt of Magma            Conj/Fire/Erth 3%         4d5       99%         5
 Statue Form              Tmut/Erth      2%         N/A       100%        6
 Haunt                    Necr/Summ      1%         N/A       100%        7
 Infestation              Necr           1%         N/A       100%        8


Dungeon Overview and Level Annotations

Branches:
Dungeon (12/15)            Temple (1/1) D:7            Lair (1/6) D:8
  IceCv (1/1)
    Orc: D:9-12

Altars:
Ashenzari
Cheibriados
Dithmenos
Elyvilon
Fedhas
Gozag
Hepliaklqana
Kikubaaqudgha
Makhleb
Nemelex Xobeh
Okawaru
Qazlal
Ru
Sif Muna
Trog
Uskayaw
Vehumet
Wu Jian
Xom
Yredelemnul
Zin
The Shining One

Annotations:
D:10 2 transporters IceCv exclusion: ice statue


Innate Abilities, Weirdness & Mutations

You are small and have problems with some larger weapons.
You are completely attuned to the shadows.


Message History

The frost giant casts a spell at you. The bolt of cold hits you! You resist.
Casting: Tukima's Dance (safe; 1% risk of failure)
Confirm with . or Enter, or press ? or * to list all spells.
You don't have enough magic to cast this spell.
You hit the frost giant. You burn the frost giant.
The frost giant is moderately wounded.
Casting: Tukima's Dance (safe; 1% risk of failure)
Confirm with . or Enter, or press ? or * to list all spells.
Your hands begin to glow red.
The frost giant hits you with a +0 battleaxe of freezing!
You hit the frost giant but do no damage.
The frost giant is lightly wounded.
The frost giant hits you with a +0 battleaxe of freezing!!
* * * LOW HITPOINT WARNING * * *
The frost giant freezes you.
* * * LOW HITPOINT WARNING * * *
You hit the frost giant but do no damage.
The frost giant is lightly wounded.
You hit the frost giant but do no damage.
The frost giant is lightly wounded.
The frost giant barely misses you.
You hit the frost giant but do no damage.
The frost giant is lightly wounded.
You hit the frost giant but do no damage.
The frost giant is lightly wounded.
The frost giant gestures at you while chanting.
The bolt of cold hits you! You resist.
* * * LOW HITPOINT WARNING * * *
You hit the frost giant but do no damage.
The frost giant is lightly wounded.
You hit the frost giant but do no damage.
The frost giant is lightly wounded.
You block the frost giant's attack.
You hit the frost giant but do no damage.
The frost giant is lightly wounded.
You hit the frost giant but do no damage.
The frost giant is lightly wounded.
The frost giant hits you with a +0 battleaxe of freezing!!
You die...

...#
#.hY
#hC##
#..#
#†#
##.#
#@##
#C##
#h.#
##.#
##.#
###.##
##.#C#
#.h..#
##.#.##


You could see a frost giant and a polar bear.

Vanquished Creatures
  Josephine (D:10)
  2 hydras
  2 two-headed ogres
  3 death yaks (IceCv)
  Pikel (D:5)
  A cyclops (D:9)
  A manticore (D:7)
  A gargoyle (D:10)
  A cane toad (Lair:1)
  A rime drake (IceCv)
  Maggie (D:7)
  2 komodo dragons
  2 trolls
  7 polar bears (IceCv)
  Grinder (D:3)
  2 hornets (D:9)
  A spriggan (D:8)
  Sigmund (D:3)
  2 shadows
  A wyvern (D:9)
  4 wraiths
  37 yaks
  A basilisk (Lair:1)
  2 steam dragons
  Edmund (D:6)
  2 water moccasins
  2 sky beasts
  3 orc warriors
  5 necrophages
  3 ogres
  9 wolves (IceCv)
  5 centaurs
  A kobold brigand (D:9)
  2 lemures (D:6)
  A phantom (D:4)
  4 bullfrogs
  3 scorpions
  2 water moccasin zombies
  10 killer bees
  A wyvern skeleton (D:7)
  2 water moccasin skeletons (D:6)
  4 howler monkeys
  15 wights
  A vampire bat (D:3)
  3 electric eels
  2 lava snakes (D:8)
  7 centaur zombies
  6 hounds
  4 jellies
  3 orc priests
  Crazy Yiuf (D:3)
  A centaur skeleton (D:7)
  Ijyb (D:4)
  5 iguanas
  2 orc wizards
  8 adders
  A shadow imp (D:7)
  2 white imps
  2 worms
  3 dart slugs
  16 orcs
  7 ball pythons
  4 endoplasms
  2 giant cockroaches (D:1)
  7 hobgoblins
  4 jackals (D:4)
  7 kobolds
  4 quokkas
  8 bats (D:3)
  2 frilled lizards
  8 goblins
  5 rats
  A butterfly (Lair:1)
280 creatures vanquished.

Vanquished Creatures (others)
  A rime drake (IceCv)
  3 wolves (IceCv)
  4 fungi (D:6)
  17 plants
25 creatures vanquished.

Grand Total: 305 creatures vanquished

Notes
Turn   | Place    | Note
-------+----------+-------------------------------------------
     0 | D:1      | wakim the Kobold Enchanter began the quest for the Orb.
     0 | D:1      | Reached XP level 1. HP: 10/10 MP: 3/3
   299 | D:1      | Reached XP level 2. HP: 15/15 MP: 5/5
   741 | D:1      | Learned a level 2 spell: Ensorcelled Hibernation
  1157 | D:1      | Reached skill level 5 in Stealth
  1157 | D:1      | Reached XP level 3. HP: 19/19 MP: 1/6
  2108 | D:2      | Reached XP level 4. HP: 24/24 MP: 2/7
  3581 | D:3      | Reached XP level 5. HP: 28/28 MP: 3/8
  3699 | D:3      | Noticed Sigmund
  3985 | D:3      | Noticed Grinder
  4179 | D:2      | Learned a level 3 spell: Confusing Touch
  4183 | D:2      | Learned a level 3 spell: Dazzling Flash
  4523 | D:4      | You fall into a shaft and drop 1 floor!
  4523 | D:5      | Entered Level 5 of the Dungeon
  4627 | D:5      | Reached XP level 6. HP: 32/32 MP: 9/9
  4647 | D:5      | Noticed a necrophage
  4734 | D:5      | Killed a necrophage
  4735 | D:5      | Reached skill level 5 in Short Blades
  4735 | D:5      | Reached skill level 5 in Dodging
  4876 | D:5      | Found a glowing silver altar of Zin.
  4876 | D:5      | Found a white marble altar of Elyvilon.
  4881 | D:5      | Found a glowing golden altar of the Shining One.
  4910 | D:4      | Noticed Ijyb
  4923 | D:4      | Killed Ijyb
  5483 | D:4      | Reached XP level 7. HP: 36/36 MP: 10/10
  5753 | D:4      | Identified the +7 dagger of Facwatu {flame, rElec rPois
                  | Stlth+}
  5891 | D:3      | Found a hide-covered altar of Uskayaw.
  6018 | D:3      | Found a burning altar of Makhleb.
  6116 | D:3      | Reached skill level 5 in Hexes
  6305 | D:3      | Found a shimmering blue altar of Sif Muna.
  6388 | D:3      | Found a faded altar of an unknown god.
  6527 | D:3      | Killed Sigmund
  6528 | D:3      | Reached XP level 8. HP: 41/41 MP: 6/11
  6615 | D:3      | Found a runed translucent door.
  6618 | D:3      | Noticed Crazy Yiuf
  6623 | D:3      | Killed Crazy Yiuf
  7356 | D:6      | Noticed a yak
  7358 | D:6      | Reached skill level 1 in Fighting
  7360 | D:6      | Reached XP level 9. HP: 47/47 MP: 12/12
  7687 | D:6      | Noticed Pikel
  7817 | D:6      | Noticed Edmund
  7821 | D:6      | Killed Edmund
  7884 | D:6      | Learned a level 3 spell: Tukima's Dance
  8132 | D:6      | Reached skill level 1 in Conjurations
  8132 | D:6      | Reached skill level 1 in Ice Magic
  8522 | D:5      | Killed Pikel
  8523 | D:5      | Reached XP level 10. HP: 40/56 MP: 7/15
  9522 | D:7      | Found a staircase to the Ecumenical Temple.
  9528 | Temple   | Entered the Ecumenical Temple
 10064 | D:7      | Found a broken altar of Ashenzari.
 10114 | D:7      | Noticed a manticore
 10118 | D:7      | Killed a manticore
 10202 | D:7      | Found a sparkling altar of Nemelex Xobeh.
 10213 | D:7      | Found a stormy altar of Qazlal.
 10273 | D:7      | Noticed Maggie
 10278 | D:7      | Killed Maggie
 10726 | D:7      | Found a shadowy altar of Dithmenos.
 10996 | D:7      | Found a basalt altar of Yredelemnul.
 11072 | D:8      | Found a staircase to the Lair.
 11303 | D:8      | Reached skill level 5 in Fighting
 11315 | D:8      | Reached XP level 11. HP: 63/63 MP: 8/17
 11809 | D:8      | Reached skill level 10 in Short Blades
 12550 | D:9      | Reached skill level 10 in Stealth
 12666 | D:9      | Noticed a two-headed ogre
 12670 | D:9      | Killed a two-headed ogre
 12671 | D:9      | Reached skill level 10 in Dodging
 13441 | D:9      | Noticed an eight-headed hydra
 13540 | D:8      | Killed an eight-headed hydra
 13646 | D:3      | Killed Grinder
 14272 | D:9      | Noticed a cyclops
 14275 | D:9      | Killed a cyclops
 14276 | D:9      | Reached XP level 12. HP: 70/70 MP: 18/18
 14288 | D:9      | You fall into a shaft and drop 3 floors!
 14510 | D:10     | Entered Level 10 of the Dungeon
 14510 | D:10     | Noticed Josephine
 14516 | D:10     | Killed Josephine
 14654 | D:10     | Noticed a two-headed ogre
 14658 | D:10     | Killed a two-headed ogre
 14958 | D:10     | Found a transporter.
 15520 | D:10     | Found an ornate altar of the Wu Jian Council.
 15525 | D:10     | Became a worshipper of the Wu Jian Council
 15661 | D:10     | Found a transporter.
 15666 | D:10     | Identified a scroll of acquirement
 15671 | D:10     | Acquired a +0 buckler of protection
 15829 | Lair:1   | Entered Level 1 of the Lair of Beasts
 15926 | Lair:1   | Noticed a six-headed hydra
 15931 | Lair:1   | Killed a six-headed hydra
 15932 | Lair:1   | Reached skill level 1 in Shields
 15967 | Lair:1   | Found a frozen archway.
 15971 | IceCv    | Entered an ice cave
 16032 | IceCv    | Reached skill level 10 in Hexes
 16460 | IceCv    | Reached XP level 13. HP: 78/78 MP: 12/19
 16802 | IceCv    | Reached skill level 5 in Shields
 16803 | IceCv    | Reached * piety under Wu Jian
 16987 | IceCv    | Reached skill level 1 in Evocations
 17039 | IceCv    | Noticed a frost giant
 17159 | IceCv    | Mangled by a frost giant

Illustrated notes

Levels and vault maps discovered:
D:1:      matt_arrival_diagonals, layout_loops_ring, hangedman_decor_opposing
D:2:      minmay_evil_eye, layout_basic
D:3:      layout_basic, nicolae_sif_muna_condensation,
          mainiacjoe_overflow_chevrons, mainiacjoe_overflow_six_doors_small,
          chequers_ecumenical_altar_lobes, roderic_batcave,
          kennysheep_generic_room_3, uniq_sigmund, uniq_grinder,
          uniq_crazy_yiuf_cottage
D:4:      layout_loops_cross, nrook_uturn, uniq_ijyb
D:5:      layout_rooms, good_gods_temple_1
D:6:      hangedman_cross_stitches, layout_loops_cross, chequers_mini_garden,
          water_boxes_lemuel, uniq_pikel, uniq_edmund
D:7:      layout_gridville, mainiacjoe_overflow_surrounded_room,
          nicolae_ashenzari_panopticon, grunt_dithmenos_smoke_and_mirrors,
          mainiacjoe_overflow_divided_tiny, minmay_temple_entry_trees,
          uniq_maggie
D:8:      layout_basic, david_lair_shrubbed, nicolae_lava_and_water, the_hattery
D:9:      minmay_bubble_buster, layout_basic, hangedman_decor_peaks_small
D:10:     gammafunk_cloud_chamber, layout_basic, lemuel_coloured_pillars_altar,
          uniq_josephine
D:11:     layout_roguey, orc_0_dummy
D:12:     layout_basic
Temple:   dpeg_chambers_temple
Lair:1:   statuecave_lemuel, layout_loops_ring, portal_ice_cave_entry_pillars_2,
          serial_bayou_lake_a, lemuel_fruit_fields
IceCv:    ice_cave_caverns_03

Skill      XL: |  1  2  3  4  5  6  7  8  9 10 11 12 13 |
---------------+----------------------------------------+-----
Short Blades   | 2 3 4 5 6 8 9 10 | 10.0
Stealth        | 5 6 8 9 12 | 12.8
Dodging        | 3 4 5 6 8 11 12 | 12.2
Hexes          | 4 5 6 7 8 10 | 10.0
Fighting       | 1 4 5 6 7 8 |  8.0
Conjurations   | 2 3 4 |  4.0
Ice Magic      | 2 3 4 |  4.0
Spellcasting   | 3 4 |  4.0
Shields        | 2 5 |  5.6
Evocations     | 2 |  2.6

Action                   |  1- 3 |  4- 6 |  7- 9 | 10-12 | 13-15 || total
-------------------------+-------+-------+-------+-------+-------++-------
Melee: Dagger            |    52 |   137 |   105 |   357 |   168 ||   819
 Cast: Corona            |     6 |     1 |       |       |       ||     7
       Ensorcelled Hiber |    14 |    51 |    37 |    79 |    18 ||   199
       Confusing Touch   |       |     2 |     4 |    16 |     6 ||    28
       Dazzling Flash    |       |     1 |       |    16 |     4 ||    21
       Tukima's Dance    |       |       |       |       |     3 ||     3
Invok: Lunge             |       |       |       |     6 |     4 ||    10
       Whirlwind         |       |       |       |       |     3 ||     3
Evoke: Wand              |       |       |     1 |     3 |       ||     4
  Use: Potion            |     1 |     1 |     1 |     2 |     1 ||     6
       Scroll            |       |     8 |       |    15 |       ||    23
 Stab: Sleeping          |    18 |    34 |    43 |    87 |    19 ||   201
       Confused          |       |     2 |     4 |    15 |     2 ||    23
       Invisible         |       |     1 |       |    13 |     2 ||    16
       Distracted        |       |     1 |       |       |       ||     1
Armor: Robe              |     8 |    21 |    19 |     2 |       ||    50
       Steam dragon scal |       |       |       |     2 |       ||     2
       Troll leather arm |       |       |       |    41 |    15 ||    56
Dodge: Dodged            |    53 |   100 |    93 |   252 |    58 ||   556
Block: Other             |       |       |       |    27 |       ||    27
       Reflection        |       |       |       |     2 |     1 ||     3
       Buckler           |       |       |       |    44 |    65 ||   109

Table legend: (Time is in decaauts)
 A = Elapsed time spent in this place.
 B = Non-inter-level travel time spent in this place.
 C = Inter-level travel time spent in this place.
 D = Time resting spent in this place.
 E = Time spent auto-exploring this place.
 F = Levels seen in this place.
 G = Mean time per level.
                   A        B        C        D        E       F      G
               +--------+--------+--------+--------+--------+-----+--------+
         Total |  16876 |  15911 |    965 |   1336 |  11545 |  15 | 1125.1 |
       Dungeon |  15368 |  14422 |    946 |   1219 |  10622 |  12 | 1280.7 |
        Temple |    285 |    266 |     19 |      0 |    265 |   1 |  285.0 |
          Lair |    146 |    146 |      0 |      0 |     63 |   1 |  146.0 |
      Ice Cave |   1075 |   1075 |      0 |    117 |    595 |   1 | 1075.0 |
               +--------+--------+--------+--------+--------+-----+--------+

Top non-repeatable levels by time:
     D:2: 2010 daAuts
     D:6: 1840 daAuts
     D:7: 1654 daAuts
     D:3: 1631 daAuts
     D:1: 1542 daAuts
     D:9: 1365 daAuts
     D:8: 1351 daAuts
     D:5: 1316 daAuts
     D:4: 1291 daAuts
    D:10: 1090 daAuts
   IceCv: 1075 daAuts
  Temple: 285 daAuts
    D:11: 245 daAuts
  Lair:1: 146 daAuts
    D:12: 29 daAuts
